 Dungeon Crawl Stone Soup version 0.31-a0-7-g51783674b7 (webtiles) character file.

Game seed: 6888431127824037378

427 jimonade the Slasher (level 6, -11/33 HPs)
             Began as a Vine Stalker Monk on May 6, 2023.
             Mangled by Menkaure (15 damage)
             ... on level 4 of the Dungeon.
             The game lasted 00:07:08 (2948 turns).

jimonade the Slasher (Vine Stalker Monk)            Turns: 2948, Time: 00:07:09

Health: -11/33     AC:  9    Str: 14    XL:     6   Next: 97%
Magic:  0/7        EV: 13    Int: 10    God:
Gold:   229        SH:  0    Dex: 18    Spells: 5/5 levels left

rFire   . . .        a - +1 falchion
rCold   . . .        d - orb {light}
rNeg    . . .        h - +1 leather armour
rPois   .            (no helmet)
rElec   .            s - +0 cloak
rCorr   .            (no gloves)
SInv    .            (no boots)
Will    .....        (no amulet)
Stlth   +            o - +4 ring of protection
HPRegen 1.05/turn    (no ring)
MPRegen 0.10/turn

%: guardian spirit
@: glowing
A: fangs 2, regeneration 1, magic shield, antimagic bite, no potion heal 2
a: no special abilities


You were on level 4 of the Dungeon.
You visited 1 branch of the dungeon, and saw 4 of its levels.
You also visited: Sewer.

You collected 229 gold pieces.

Inventory:

Hand Weapons
 a - a +1 falchion (weapon)
 i - a +0 short sword
 n - a +0 halberd
Armour
 b - a +0 robe
 d - an orb of light (worn)
 h - a +1 leather armour (worn)
 s - a +0 cloak (worn)
 v - a +0 plate armour
Magical Staves
 k - the staff of death "Fut Pol" {+Blink rElec rPois rN+}
   (You found it in a sewer)

   [staff of death]

   Base accuracy: +5 Base damage: 5 Base attack delay: 1.2 This weapon's minimum
   attack delay (0.6) is reached at skill level 12.
   rElec:     It insulates you from electricity.
   rPois:     It protects you from poison.
   rN:        It protects you from negative energy.
   +Blink:    It lets you blink.
   It falls into the 'Staves' category.
   It is a one-handed weapon.
 q - a staff of death
Jewellery
 o - a +4 ring of protection (left hand)
Scrolls
 f - 2 scrolls of fog
 g - a scroll of teleportation
 t - a scroll of identify
Potions
 c - a potion of ambrosia
 e - 2 potions of degeneration {unknown}
 j - a potion of lignification {unknown}
 l - 3 potions of brilliance {unknown}
 m - 2 potions of cancellation {unknown}
 p - a potion of attraction {unknown}
 r - a potion of flight {unknown}
 u - 2 potions of heal wounds {unknown}
 w - a potion of invisibility {unknown}


   Skills:
 + Level 3.8 Fighting
 + Level 5.1 Long Blades
 + Level 1.7 Armour
 + Level 3.4 Dodging


You had 5 spell levels left.
You didn't know any spells.
Your spell library contained the following spells:

 Spells                   Type           Power      Damage    Failure   Level
 Summon Small Mammal      Summ           0%         N/A       43%         1
 Call Canine Familiar     Summ           0%         N/A       80%         3
 Summon Guardian Golem    Hex/Summ       0%         N/A       80%         3


Dungeon Overview and Level Annotations

Branches:
Dungeon (4/15)              Sewer (visited)
 Temple: D:4-7

Altars:
Yredelemnul

Annotations:
D:3 2 transporters
D:4 Menkaure


Innate Abilities, Weirdness & Mutations

You have extremely sharp teeth.
Your natural rate of healing is unusually fast.
When hurt, damage is shared between your health and your magic reserves.
Your bite disrupts and absorbs the magic of your enemies.
Potions cannot restore your health.


Message History

The scorpion is almost dead.
You feel sick.
The scorpion stings you but does no damage.
You hit the scorpion but do no damage. You bite the scorpion.
You drain its power.
You feel invigorated.
The scorpion is almost dead.
You feel sick. The scorpion barely misses you.
You barely miss the scorpion.
You bite the scorpion, but do no damage.
The scorpion is almost dead.
You feel sick.
The scorpion stings you but does no damage.
Menkaure calls on the powers of darkness!
The endoplasm convulses!
Your body is wracked with pain!
The scorpion barely misses you.
You are too injured to fight recklessly!
You are too injured to fight recklessly!
You are too injured to fight recklessly!
You are too injured to fight recklessly!
You barely miss the scorpion. Your bite misses the scorpion.
The scorpion is almost dead.
You feel sick. The scorpion stings you.
You hit the scorpion.
You kill the scorpion!
You feel sick.
Your Long Blades skill increases to level 5!
You hit Menkaure. You bite Menkaure, but do no damage.
Menkaure is moderately damaged.
You feel sick. Menkaure hits you!
* * * LOW HITPOINT WARNING * * *
You hit Menkaure. You bite Menkaure.
Menkaure's magic leaks into the air.
You drain his magic.
You feel invigorated.
Menkaure is heavily damaged.
You feel sick.
Menkaure hits you but does no damage. x2
You slash Menkaure!
Menkaure is severely damaged.
You feel sick.
You are no longer poisoned.
Menkaure hits you!!
You die...

# #.##.##.# *,,,,,,,,, #
#.......# *,,.,,,,,, # ####[####
*###,.#,,,,,, # #)..#
*..,..#_,,,,, # #..<#
*.##..#.,,,,, ###### #...#
##..!....:,,,, .....###...#####
#:........,,,,
####...........#####...#**.8.8.8,
#...............@MJ....##......,,
..##...........####....[.......,*
.###.###...##### #..#.##.#..,,,*
..##.# #...# #...†......,,,,
.....# #...# ###..†###.###,***
..#### #...# #^........# *,* .##
##.## #.##.##.######*** ## #.#
#.*#.#.......#,,, # #.#
#.*#......##.#,,_


You could see Menkaure (fast, magic disrupted) and an endoplasm.

Vanquished Creatures
  2 bullfrogs (Sewer)
  A scorpion (D:4)
  An orc priest (D:4)
  A hound (D:4)
  10 adders
  A shadow imp (D:3)
  2 worms (D:4)
  3 dart slugs
  4 orcs (D:4)
  3 endoplasms
  7 giant cockroaches
  2 goblins (D:1)
  4 hobgoblins
  5 jackals
  5 kobolds
  4 quokkas
  9 ball pythons
  2 bats
  8 frilled lizards
  5 rats
79 creatures vanquished.

Notes
Turn   | Place    | Note
-------+----------+-------------------------------------------
     0 | D:1      | jimonade the Vine Stalker Monk began the quest for the Orb.
     0 | D:1      | Reached XP level 1. HP: 11/11 MP: 2/2
     6 | D:1      | Noticed a servant of whispers
     6 | D:1      | Noticed an iguana
     7 | D:1      | Noticed a centaur
   104 | D:1      | Found a faded altar of an unknown god.
   114 | D:1      | Reached XP level 2. HP: 9/16 MP: 1/3
   810 | D:2      | Reached skill level 3 in Long Blades
  1095 | D:2      | Reached XP level 3. HP: 18/20 MP: 4/4
  1435 | D:3      | Noticed an ogre
  1498 | D:3      | Found a transporter.
  1502 | D:3      | Found a transporter.
  1914 | D:3      | Found a basalt altar of Yredelemnul.
  1919 | D:3      | Identified the +4 robe "Qeerei" {*Corrode +Blink rPois rF+
                  | Str+2}
  2039 | D:4      | Gained mutation: Your natural rate of healing is unusually
                  | fast. [Vine Stalker growth]
  2039 | D:4      | Reached XP level 4. HP: 10/24 MP: 1/5
  2082 | D:4      | Found a glowing drain.
  2095 | Sewer    | Entered a sewer
  2156 | Sewer    | Reached XP level 5. HP: 26/28 MP: 4/6
  2182 | Sewer    | Reached skill level 1 in Armour
  2345 | Sewer    | Reached skill level 4 in Long Blades
  2364 | Sewer    | Reached XP level 6. HP: 33/33 MP: 7/7
  2439 | Sewer    | Identified the staff of death "Fut Pol" {+Blink rElec rPois
                  | rN+}
  2927 | D:4      | Noticed Menkaure
  2946 | D:4      | Reached skill level 5 in Long Blades
  2948 | D:4      | Mangled by Menkaure

Illustrated notes

Levels and vault maps discovered:
D:1:      onia_arrival_zoo_common, layout_basic,
          chequers_ecumenical_altar_island, dreamdust_mushroom_princess
D:2:      layout_basic, kennysheep_generic_room_16
D:3:      gammafunk_wand_slinger, layout_loops_cross, overflow_temple_1_default,
          trog_book, kennysheep_generic_room_13, uniq_jessica
D:4:      layout_loops_cross, eat_drink_and_be_merry_uskayaw,
          mainiacjoe_overflow_alcove_2, portal_sewer_entry_b, minmay_bent,
          uniq_menkaure

Skill      XL: |  1  2  3  4  5  6 |
---------------+-------------------+-----
Long Blades    | 3 4 5 |  5.1
Fighting       | 3 |  3.8
Dodging        | 3 |  3.4
Armour         | 1 |  1.7

Action                     |  1- 3 |  4- 6 || total
---------------------------+-------+-------++-------
  Melee: Falchion          |    65 |   124 ||   189
         Bite              |    13 |    42 ||    55
    Use: Scroll            |     6 |     2 ||     8
 Armour: Robe              |     3 |       ||     3
         Leather armour    |     8 |    54 ||    62
  Dodge: Dodged            |    53 |    92 ||   145

Table legend: (Time is in decaauts)
 A = Elapsed time spent in this place.
 B = Non-inter-level travel time spent in this place.
 C = Inter-level travel time spent in this place.
 D = Time resting spent in this place.
 E = Time spent auto-exploring this place.
 F = Levels seen in this place.
 G = Mean time per level.
                   A        B        C        D        E       F      G
               +--------+--------+--------+--------+--------+-----+--------+
         Total |   3033 |   2726 |    307 |      0 |   1615 |   5 |  606.6 |
       Dungeon |   2598 |   2291 |    307 |      0 |   1556 |   4 |  649.5 |
         Sewer |    434 |    434 |      0 |      0 |     58 |   1 |  434.0 |
               +--------+--------+--------+--------+--------+-----+--------+

Top non-repeatable levels by time:
     D:2: 860 daAuts
     D:1: 675 daAuts
     D:4: 582 daAuts
     D:3: 479 daAuts
   Sewer: 434 daAuts
